 Dungeon Crawl Stone Soup version 0.23-a0-636-g0ff6057 (webtiles) character file.

73 Leeroy the Slasher (level 4, -2/36 HPs)
             Began as a Draconian Skald on Dec 28, 2018.
             Slain by Sigmund
             ... wielding a +0 scythe
              (9 damage)
             ... on level 2 of the Dungeon.
             The game lasted 00:03:31 (1178 turns).

Leeroy the Slasher (Draconian Skald)                Turns: 1178, Time: 00:03:31

Health: -2/36      AC:  5    Str: 14    XL:     4   Next: 8%
Magic:  7/7        EV: 12    Int: 14    God:
Gold:   96         SH:  0    Dex: 10    Spells: 0/7 levels left

rFire    . . .     SeeInvis .   a - +0 falchion
rCold    . . .     Gourm    .   (no shield)
rNeg     . . .     Faith    .   (armour unavailable)
rPois    .         Spirit   .   (helmet restricted)
rElec    .         Reflect  .   h - scarf {repulsion}
rCorr    .         Harm     .   (no gloves)
MR       .....                  (no boots)
Stlth    +.........             (no amulet)
HPRegen  0.12/turn              (no ring)
MPRegen  0.10/turn              (no ring)

@: repel missiles
A: unfitting armour, cold-blooded, AC +5
a: no special abilities


You were on level 2 of the Dungeon.
You were not hungry.

You visited 1 branch of the dungeon, and saw 2 of its levels.

You collected 96 gold pieces.

Inventory:

Hand Weapons
 a - a +0 falchion (weapon)
 d - a +2 flail of crushing
 i - a +0 short sword
Missiles
 b - 22 stones (quivered)
 f - 4 tomahawks
 l - 24 arrows
 n - 5 tomahawks of returning
Armour
 h - a scarf of repulsion (worn)
Jewellery
 k - a +1 ring of protection {unknown}
Scrolls
 e - 2 scrolls of remove curse
 m - a scroll of identify {unknown}
Potions
 g - a potion of flight {unknown}
Comestibles
 c - 3 rations
 j - 5 chunks of flesh


   Skills:
 - Level 2.1 Fighting
 + Level 4.4 Long Blades
 - Level 2.1 Dodging
 - Level 2.0 Spellcasting
 - Level 2.6 Charms


You couldn't memorise any spells.
You knew the following spells:

 Your Spells              Type           Power        Failure   Level  Hunger
a - Infusion              Chrm           #...         8%          1    ##.....
b - Spectral Weapon       Hex/Chrm       #.......     38%         3    ####...
c - Regeneration          Chrm/Necr      #.........   38%         3    ####...

Your spell library contained the following spells:

 Spells                   Type           Power        Failure   Level  Hunger
 Song of Slaying          Chrm           #.......     12%         2    ###....
 Shroud of Golubria       Chrm/Tloc      #.........   21%         2    ###....


Dungeon Overview and Level Annotations

Branches:
Dungeon (2/15)

Altars:
Cheibriados

Annotations:
D:2 Sigmund


Innate Abilities, Weirdness & Mutations

Your plain brown scales are hard. (AC +5)
You cannot fit into any form of body armour.
You are cold-blooded and may be slowed by cold attacks.


Message History

The frilled lizard bites you.
You slash Sigmund!
Your tail-slap misses Sigmund.
Sigmund is almost dead.
The rat closely misses you.
You riposte.
You closely miss the rat. You tail-slap the rat.
You kill the rat!
The frilled lizard bites you. Sigmund closely misses you.
You closely miss Sigmund.
Sigmund is almost dead.
The frilled lizard bites you but does no damage.
You hit Sigmund.
Sigmund is almost dead.
Sigmund hits you with a +0 scythe.
* * * LOW HITPOINT WARNING * * *
The frilled lizard misses you.
Unknown command.
You barely miss Sigmund.
Sigmund is almost dead.
The frilled lizard closely misses you. Sigmund hits you with a +0 scythe!
You die...

,,,* *,*
#.########..,,,,,,
,,,****,*
#.########,#****,,
,,,,,,,,*
#.##.....#.#****,,
,,,******
#.##........,,**,*
,,,*
#........#<#*,**,*
****
#####.....#,,,,,,,*
##...#.....#***,,***
#.l#.....### **,*
***#.†@@###.#*** *,*
***#....###......,*
*,*
*,......,**.......#
*,*
*.._....,**..(....#
**,*
*.......,,,....[..#
*,,*
*....8..,,,.......#
*,**
*.......,,,......,*
*,*
*,,,,,,_,,,,,,,,,,*
*,*
*,,,,,,,,**********
*,*


You could see Sigmund and a frilled lizard.

Vanquished Creatures
  Terence (D:2)
  A worm (D:2)
  2 dart slugs (D:1)
  9 bats
  4 giant cockroaches
  3 hobgoblins (D:1)
  A quokka (D:2)
  3 frilled lizards
  2 goblins (D:1)
  6 kobolds
  9 rats
41 creatures vanquished.

Notes
Turn   | Place    | Note
-------+----------+-------------------------------------------
     0 | D:1      | Leeroy the Draconian Skald began the quest for the Orb.
     0 | D:1      | Reached XP level 1. HP: 17/17 MP: 3/3
   178 | D:1      | Reached XP level 2. HP: 24/24 MP: 5/5
   243 | D:1      | Reached skill level 3 in Long Blades
   640 | D:1      | Reached XP level 3. HP: 25/29 MP: 6/6
  1048 | D:2      | Noticed Terence
  1058 | D:2      | Killed Terence
  1058 | D:2      | Reached skill level 4 in Long Blades
  1058 | D:2      | Reached XP level 4. HP: 36/36 MP: 1/7
  1072 | D:2      | Learned a level 3 spell: Spectral Weapon
  1076 | D:2      | Learned a level 3 spell: Regeneration
  1161 | D:2      | Found a snail-covered altar of Cheibriados.
  1161 | D:2      | Noticed Sigmund
  1178 | D:2      | Slain by Sigmund

Vault maps used:
D:1:      shiori_arrival_maze, hangedman_decor_clover_reticule,
          chequers_serial_rivers_room_b
D:2:      grunt_temple_overflow_open, first_ration, uniq_sigmund, uniq_terence

Skill      XL: |  1  2  3 |
---------------+----------+-----
Long Blades    | 3 4 |  4.4
Fighting       | |  2.1
Dodging        | |  2.1
Spellcasting   | |  2.0
Charms         | |  2.6

Action                   |  1- 3 |  4- 6 || total
-------------------------+-------+-------++-------
Melee: Falchion          |    97 |    24 ||   121
       Tailslap          |    15 |     2 ||    17
 Cast: Infusion          |     1 |       ||     1
  Use: Scroll            |     2 |       ||     2
 Stab: Sleeping          |     1 |       ||     1
  Eat: Chunk             |     1 |       ||     1
Armor: Skin              |    35 |    11 ||    46
Dodge: Dodged            |    66 |    25 ||    91
       Rpst.: Falchion   |    19 |     6 ||    25

Table legend:
 A = Non-vault XP
 B = Vault XP
 C = Vault XP percentage of total XP
 D = Non-vault monster count
 E = Vault monster count
 F = Vault count percentage of total count
                 A         B        C        D         E       F
            +---------+---------+-------+---------+---------+-------
      Total |      63 |      42 |  40.0 |      38 |       3 |   7.3
            +---------+---------+-------+---------+---------+-------
        D:1 |      42 |       4 |   8.7 |      25 |       2 |   7.4
        D:2 |      21 |      38 |  64.4 |      13 |       1 |   7.1
            +---------+---------+-------+---------+---------+-------
